 Dungeon Crawl Stone Soup version 0.30-a0-141-g30f27751c5 (webtiles) character file.

Game seed: 15035999746813884485

10106 qw the Cleaver (level 11, -1/71 HPs)
             Began as a Gargoyle Fighter on Sept 25, 2022.
             Slain by a troll zombie (2 damage)
             ... on level 11 of the Dungeon.
             The game lasted 00:03:55 (11744 turns).

qw the Cleaver (Gargoyle Fighter)                  Turns: 11744, Time: 00:03:55

Health: -1/71      AC: 35    Str: 24    XL:     11   Next: 56%
Magic:  11/11      EV:  7    Int: 12    God:
Gold:   501        SH:  5    Dex: 11    Spells: 10/10 levels left

rFire   + . .      SeeInvis .    Y - +2 war axe (vorpal)
rCold   + . .      Faith    .    c - +0 buckler
rNeg    + . .      Spirit   .    s - +6 plate armour of Past Mistakes {rF+}
rPois   inf        Reflect  .    v - +1 helmet
rElec   +          Harm     .    h - +2 cloak
rCorr   .          Rampage  .    t - +0 pair of gloves {Dex+3}
Will    .....      Rnd*Tele +    (no boots)
Stlth   ..........               (no amulet)
HPRegen 0.21/turn                (no ring)
MPRegen 0.12/turn                (no ring)

@: no status effects
A: sickness immunity, AC +8, negative energy resistance 1, electricity
resistance, torment resistance 1, petrification resistance, clever 1, cold
resistance 1, teleportitis 1
a: no special abilities


You were on level 11 of the Dungeon.
You visited 1 branch of the dungeon, and saw 11 of its levels.

You collected 802 gold pieces.
You spent 301 gold pieces at shops.


Innate Abilities, Weirdness & Mutations

You are immune to sickness and miasma.
Your stone body is resilient. (AC +8)
You are immune to poison.
You resist negative energy. (rN+)
You are resistant to electric shocks. (rElec)
You are resistant to unholy torment.
You are immune to petrification.
Your mind is acute. (Int +4, Str/Dex -1)
Your flesh is cold resistant. (rC+)
You are occasionally teleported next to monsters.


   Skills:
 - Level 9.3 Fighting
 - Level 12.0 Axes
 - Level 1.0 Throwing
 + Level 8.5 Armour
 - Level 3.1 Dodging
 - Level 6.2 Shields


You had 10 spell levels left.
You didn't know any spells.
Your spell library was empty.

Inventory:

Hand Weapons
 a - a -1 demon whip of venom
 Y - a +2 vorpal war axe (weapon)
Armour
 c - a +0 buckler (worn)
 h - a +2 cloak (worn)
 k - a +0 pair of boots
 s - the +6 plate armour of Past Mistakes (worn) {rF+}
   (You found it on level 5 of the Dungeon)

   rF:        It protects you from fire.
 t - a +0 pair of gloves of dexterity (worn)
 v - a +1 helmet (worn)
Scrolls
 n - 2 scrolls of identify
Potions
 b - a potion of cancellation
 d - 4 potions of might
 e - 2 potions of resistance
 f - a potion of lignification
 g - a potion of ambrosia {unknown}
 i - a potion of haste
 j - 3 potions of attraction
 l - a potion of curing

Dungeon Overview and Level Annotations

Branches:
Dungeon (11/15)            Temple (0/1) D:4            Lair (0/5) D:9
    Orc (0/2) D:11

Altars:
Elyvilon
Hepliaklqana
Qazlal
Ru
Sif Muna
Trog
Xom
The Shining One

Shops:
D:5 [   D:8 *   D:9 [

Portals:
Trove: D:10 (lose all piety)

Annotations:
D:5 1 runed translucent door, Crazy Yiuf
D:8 1 runed translucent door, qw's ghost, novice GrFi


Message History

The goblin zombie barely misses you. The troll zombie closely misses you.
The troll zombie claws you but does no damage. x2
You hit the goblin zombie.
You destroy the goblin zombie!
You hit the orc zombie. You barely miss the troll zombie.
The orc zombie barely misses you. You block the troll zombie's attack.
The troll zombie claws you but does no damage. x2
You slash the orc zombie!
You destroy the orc zombie!
You hit the troll zombie. You hit the troll zombie.
The troll zombie is moderately damaged.
You hit the troll zombie.
The troll zombie bites you but does no damage.
You block the troll zombie's attack.
The troll zombie claws you but does no damage.
You block the troll zombie's attack. The troll zombie closely misses you.
The troll zombie barely misses you.
You hit the troll zombie.
The troll zombie is heavily damaged.
You hit the troll zombie. You slash the hobgoblin zombie!
You destroy the hobgoblin zombie!
The troll zombie bites you but does no damage.
You block the troll zombie's attack.
The troll zombie claws you but does no damage.
The troll zombie barely misses you.
The troll zombie claws you but does no damage.
The troll zombie claws you.
You slash the troll zombie!
The troll zombie is severely damaged.
You hit the troll zombie.
The troll zombie bites you but does no damage.
You block the troll zombie's attack.
The troll zombie claws you but does no damage.
You slash the troll zombie!
The troll zombie is almost destroyed.
You hit the troll zombie but do no damage.
The troll zombie bites you but does no damage.
The troll zombie claws you. x2
You die...

#.............
####.#...........
#.#...........
#.#...####...#
.#####.#...#....8..
...........#.......
...........#.......
...........#.......
...........@Z......
............Z......
............8.!.>..
.#####.###.........
#. .......... #.
.#.#.......
.#.#....... # #.
.......


You could see 2 troll zombies.

Vanquished Creatures
  A two-headed ogre (D:10)
  Erica (D:8)
  Lodul (D:11)
  Amaemon (D:8)
  A deep elf pyromancer (D:8)
  An ugly thing (D:8)
  An orange demon (D:8)
  2 gargoyles
  2 trolls
  Grinder (D:5)
  Prince Ribbit (D:9)
  A wyvern (D:9)
  2 shadows (D:11)
  A wraith (D:10)
  3 vampire mosquitoes (D:10)
  Menkaure (D:7)
  3 water moccasins
  An acid dragon (D:10)
  An orc warrior (D:9)
  A black bear (D:4)
  2 ice beasts
  2 sky beasts (D:7)
  8 ogres (D:11)
  3 centaurs
  A phantom (D:11)
  5 kobold brigands
  3 gnoll sergeants
  3 bullfrogs
  2 scorpions
  A necrophage (D:5)
  4 wights (D:7)
  10 killer bees
  A howler monkey (D:8)
  3 orc priests
  4 hounds
  4 gnoll boudas
  4 orc wizards (D:9)
  3 ogre zombies (D:11)
  A mummy (D:7)
  2 adders
  40 gnolls
  3 shadow imps
  2 white imps
  An ufetubus (D:6)
  2 worms
  3 dart slugs
  13 orcs
  5 ball pythons
  4 bats
  9 endoplasms
  A giant cockroach (D:3)
  3 goblins
  7 hobgoblins
  5 jackals
  24 kobolds
  6 quokkas
  3 frilled lizards
  4 goblin zombies (D:11)
  3 hobgoblin zombies (D:11)
  2 kobold zombies (D:7)
  An orc skeleton (D:11)
  9 orc zombies
  5 rats
  A spectral hobgoblin (D:3)
249 creatures vanquished.

Vanquished Creatures (others)
  2 fungi (D:9)
  4 plants
6 creatures vanquished.

Grand Total: 255 creatures vanquished

Notes
Turn   | Place    | Note
-------+----------+-------------------------------------------
     0 | D:1      | qw the Gargoyle Fighter began the quest for the Orb.
     0 | D:1      | Reached XP level 1. HP: 14/14 MP: 1/1
     0 | D:1      | 0 ||| qw: Version: 0.2-a-9-ge00f85e
     0 | D:1      | 0 ||| qw: Game counter: 96
     0 | D:1      | 0 ||| qw: Always use a shield: true
     0 | D:1      | 0 ||| qw: God list: Okawaru
     0 | D:1      | 0 ||| qw: Allow faded altars: false
     0 | D:1      | 0 ||| qw: Do Orc after D:15 true
     0 | D:1      | 0 ||| qw: Do second Lair branch before Depths: true
     0 | D:1      | 0 ||| qw: Lair rune preference: random
     0 | D:1      | 0 ||| qw: Plans: Normal, Zot:1-4, God:TSO, Crypt, Tomb,
                  | Pan, Slime:5, Hells, Abyss, Orb
     0 | D:1      | 0 ||| PLANNING D:1-11
    17 | D:1      | Reached skill level 2 in Axes
   184 | D:1      | Reached XP level 2. HP: 11/19 MP: 2/2
   838 | D:1      | 838 ||| UPGRADING to +1 cloak.
   843 | D:1      | 843 ||| READING scroll labelled GUUXZA RINENATZ.
   844 | D:1      | 844 ||| READING scroll labelled XYAHIUGH DIOSCH.
   849 | D:1      | 849 ||| READING scroll labelled SAQUYB VAYSE.
   850 | D:1      | 850 ||| READING scroll labelled MELOOCV LEURR.
   851 | D:1      | 851 ||| READING scroll labelled ZAETICK ZALO.
   883 | D:2      | 883 ||| STAIRDANCE
   926 | D:2      | 926 ||| Stepping ~*~*~tactically~*~*~ (stealth).
   936 | D:2      | Reached skill level 3 in Axes
  1111 | D:2      | Reached XP level 3. HP: 23/23 MP: 3/3
  1838 | D:2      | 1838 ||| Stepping ~*~*~tactically~*~*~ (hiding).
  1961 | D:2      | 1961 ||| Stepping ~*~*~tactically~*~*~ (stealth).
  2130 | D:2      | 2130 ||| READING scroll labelled AMONIN BECK.
  2160 | D:3      | Found a glowing golden altar of the Shining One.
  2207 | D:3      | Reached XP level 4. HP: 28/28 MP: 4/4
  2212 | D:3      | 2212 ||| READING scroll of brand weapon.
  2212 | D:3      | 2212 ||| BRANDING +1 war axe of freezing.
  2461 | D:3      | Reached skill level 4 in Axes
  2663 | D:3      | Found a faded altar of an unknown god.
  2954 | D:3      | 2954 ||| UPGRADING to +0 helmet.
  2959 | D:3      | 2959 ||| UPGRADING to +0 plate armour.
  2969 | D:3      | 2969 ||| DROPPING +0 scale mail.
  2970 | D:3      | 2970 ||| READING scroll labelled TOEPPA BEFAOD.
  2971 | D:3      | 2971 ||| READING scroll labelled XUTOQOILUO.
  2972 | D:3      | 2972 ||| DRINKING 2 fuming puce potions.
  3025 | D:4      | 3025 ||| Stepping ~*~*~tactically~*~*~ (stealth).
  3224 | D:4      | Noticed a water moccasin
  3240 | D:4      | Killed a water moccasin
  3241 | D:4      | Reached skill level 5 in Axes
  3241 | D:4      | Reached XP level 5. HP: 25/32 MP: 5/5
  3316 | D:4      | Found a staircase to the Ecumenical Temple.
  3330 | D:4      | Noticed a black bear
  3342 | D:4      | Killed a black bear
  3343 | D:4      | Reached XP level 6. HP: 39/39 MP: 6/6
  3349 | D:4      | 3349 ||| Stepping ~*~*~tactically~*~*~ (stealth).
  3399 | D:4      | 3399 ||| Stepping ~*~*~tactically~*~*~ (hiding).
  3542 | D:4      | Reached skill level 6 in Axes
  3560 | D:4      | Reached skill level 1 in Throwing
  3560 | D:4      | Reached XP level 7. HP: 42/44 MP: 7/7
  3735 | D:4      | Found a bloodstained altar of Trog.
  3747 | D:4      | 3747 ||| READING 2 scrolls labelled DAH VIEPHODAD.
  3748 | D:4      | 3748 ||| READING scroll labelled HYGREW WETUXT.
  3749 | D:4      | 3749 ||| DRINKING 2 fizzy silvery potions.
  3750 | D:4      | 3750 ||| DRINKING 2 bubbling brown potions.
  3751 | D:4      | 3751 ||| DRINKING 2 golden potions.
  3752 | D:4      | 3752 ||| DROPPING scroll of blinking.
  3753 | D:4      | 3753 ||| DROPPING potion of brilliance.
  3758 | D:5      | Entered Level 5 of the Dungeon
  3924 | D:5      | Noticed a troll
  3927 | D:5      | Identified the +6 plate armour of Past Mistakes {rF+}
  4026 | D:5      | Identified the +7 long sword of the Filigreed God {speed,
                  | Int+3}
  4031 | D:5      | 4031 ||| Stepping ~*~*~tactically~*~*~ (stealth).
  4035 | D:5      | 4035 ||| DROPPING +0 whip.
  4039 | D:5      | 4039 ||| Stepping ~*~*~tactically~*~*~ (stealth).
  4165 | D:5      | Found Cygam's Armour Boutique.
  4239 | D:5      | Noticed Grinder
  4252 | D:5      | Killed Grinder
  4253 | D:5      | Reached skill level 7 in Axes
  4253 | D:5      | Reached XP level 8. HP: 33/48 MP: 8/8
  4350 | D:5      | Found a runed translucent door.
  4351 | D:5      | Noticed Crazy Yiuf
  4575 | D:5      | 4575 ||| UPGRADING to +6 plate armour of Past Mistakes
                  | {rF+}.
  4585 | D:5      | 4585 ||| DROPPING +0 plate armour.
  4586 | D:5      | 4586 ||| READING scroll labelled UKLOFIO UCINK.
  4687 | D:5      | 4687 ||| READING scroll labelled SIOBUCR QEEST.
  4742 | D:6      | 4742 ||| Stepping ~*~*~tactically~*~*~ (stealth).
  4901 | D:6      | 4901 ||| Stepping ~*~*~tactically~*~*~ (stealth).
  4908 | D:6      | 4908 ||| Stepping ~*~*~tactically~*~*~ (stealth).
  4918 | D:6      | Reached skill level 1 in Dodging
  5196 | D:6      | 5196 ||| Stepping ~*~*~tactically~*~*~ (hiding).
  5282 | D:6      | 5282 ||| Stepping ~*~*~tactically~*~*~ (stealth).
  5407 | D:6      | 5407 ||| READING 2 scrolls of identify.
  5407 | D:6      | 5407 ||| IDENTIFYING sapphire potion
  5408 | D:6      | 5408 ||| Stepping ~*~*~tactically~*~*~ (hiding).
  5409 | D:6      | 5409 ||| Stepping ~*~*~tactically~*~*~ (hiding).
  5565 | D:6      | 5565 ||| DROPPING +0 flail.
  5572 | D:6      | Reached skill level 8 in Axes
  5617 | D:6      | 5617 ||| DROPPING ring of flight.
  5618 | D:6      | 5618 ||| DRINKING 2 bubbling emerald potions.
  5619 | D:6      | 5619 ||| READING 2 scrolls of teleportation.
  5657 | D:6      | 5657 ||| Stepping ~*~*~tactically~*~*~ (stealth).
  5889 | D:5      | 5889 ||| BUYING +0 pair of gloves (49 gold).
  5889 | D:5      | Bought a +0 pair of gloves for 49 gold pieces
  5889 | D:5      | 5889 ||| BUYING +0 pair of gloves of dexterity (126 gold).
  5889 | D:5      | Bought a +0 pair of gloves of dexterity for 126 gold pieces
  5889 | D:5      | 5889 ||| BUYING +1 helmet (126 gold).
  5889 | D:5      | Bought a +1 helmet for 126 gold pieces
  5889 | D:5      | 5889 ||| SHOPLISTING +4 gold dragon scales of Omyeduixt
                  | {rPois rF+ rC+ rN++ rCorr Str-2 Stlth+} (1262 gold, have
                  | 33).
  5889 | D:5      | 5889 ||| UPGRADING to +0 pair of gloves.
  5894 | D:5      | 5894 ||| UPGRADING to +0 pair of gloves of dexterity.
  5904 | D:5      | 5904 ||| DROPPING +0 pair of gloves.
  5905 | D:5      | 5905 ||| UPGRADING to +1 helmet.
  5915 | D:5      | 5915 ||| DROPPING +0 helmet.
  5942 | D:7      | Noticed Menkaure
  5946 | D:7      | Killed Menkaure
  6005 | D:7      | Reached skill level 6 in Fighting
  6030 | D:7      | 6030 ||| DROPPING +1 vorpal flail.
  6035 | D:7      | 6035 ||| Stepping ~*~*~tactically~*~*~ (hiding).
  6037 | D:7      | 6037 ||| Stepping ~*~*~tactically~*~*~ (hiding).
  6038 | D:7      | 6038 ||| Stepping ~*~*~tactically~*~*~ (hiding).
  6135 | D:7      | 6135 ||| DROPPING +2 vorpal flail.
  6185 | D:7      | 6185 ||| Stepping ~*~*~tactically~*~*~ (hiding).
  6200 | D:7      | Reached skill level 6 in Armour
  6273 | D:7      | 6273 ||| Stepping ~*~*~tactically~*~*~ (hiding).
  6278 | D:7      | Reached XP level 9. HP: 55/55 MP: 9/9
  6289 | D:7      | 6289 ||| FLEEEEING.
  6386 | D:7      | Found a sacrificial altar of Ru.
  6421 | D:7      | 6421 ||| Stepping ~*~*~tactically~*~*~ (hiding).
  6580 | D:7      | 6580 ||| Stepping ~*~*~tactically~*~*~ (stealth).
  6603 | D:7      | 6603 ||| Stepping ~*~*~tactically~*~*~ (hiding).
  6658 | D:7      | 6658 ||| FLEEEEING.
  6659 | D:7      | 6659 ||| FLEEEEING.
  6660 | D:7      | 6660 ||| FLEEEEING.
  6717 | D:7      | Reached skill level 9 in Axes
  6738 | D:7      | 6738 ||| FLEEEEING.
  6823 | D:7      | 6823 ||| READING scroll of enchant weapon.
  6823 | D:7      | 6823 ||| ENCHANTING +1 vorpal war axe.
  6829 | D:7      | Identified the +2 scale mail of Plog {-Cast rPois Str+4}
  7246 | D:7      | 7246 ||| READING scroll labelled DATHOVOUNI.
  7247 | D:7      | 7247 ||| DRINKING 2 puce potions.
  7247 | D:7      | Gained mutation: Your flesh is cold resistant. (rC+)
                  | [potion of mutation]
  7247 | D:7      | Gained mutation: You sometimes lose your temper in combat.
                  | [potion of mutation]
  7247 | D:7      | Gained mutation: You have large cloven feet. [potion of
                  | mutation]
  7248 | D:7      | 7248 ||| DRINKING potion of mutation.
  7248 | D:7      | Lost mutation: You have large cloven feet. [potion of
                  | mutation]
  7248 | D:7      | Lost mutation: You sometimes lose your temper in combat.
                  | [potion of mutation]
  7248 | D:7      | Gained mutation: You are occasionally teleported next to
                  | monsters. [potion of mutation]
  7248 | D:7      | Gained mutation: Your mind is acute. (Int +4, Str/Dex -1)
                  | [potion of mutation]
  7261 | D:7      | 7261 ||| DRINKING 2 coppery potions.
  7266 | D:7      | 7266 ||| READING 3 scrolls of identify.
  7266 | D:7      | 7266 ||| IDENTIFYING inky potion
  7267 | D:7      | 7267 ||| READING 2 scrolls of identify.
  7267 | D:7      | 7267 ||| IDENTIFYING bubbling white potion
  7291 | D:7      | 7291 ||| DROPPING potion of berserk rage.
  7295 | D:7      | 7295 ||| DROPPING potion of invisibility.
  7367 | D:8      | Noticed a troll
  7381 | D:8      | Killed a troll
  7382 | D:8      | 7382 ||| STAIRDANCE
  7532 | D:8      | Noticed a deep elf pyromancer
  7538 | D:8      | Noticed a white ugly thing
  7541 | D:8      | 7541 ||| Stepping ~*~*~tactically~*~*~ (hiding).
  7550 | D:8      | HP: 11/57 [white ugly thing (6)]
  7550 | D:8      | HP: 2/57 [white ugly thing (9)]
  7551 | D:8      | 7551 ||| READING scroll of teleportation.
  7559 | D:8      | Killed a deep elf pyromancer
  7568 | D:8      | Killed a white ugly thing
  7569 | D:8      | Reached skill level 10 in Axes
  7812 | D:8      | Reached XP level 10. HP: 55/63 MP: 10/10
  7907 | D:8      | Noticed Amaemon
  7908 | D:8      | 7908 ||| Stepping ~*~*~tactically~*~*~ (stealth).
  7910 | D:8      | Noticed an orange demon
  7911 | D:8      | 7911 ||| Stepping ~*~*~tactically~*~*~ (stealth).
  7912 | D:8      | 7912 ||| Stepping ~*~*~tactically~*~*~ (stealth).
  7914 | D:8      | 7914 ||| Stepping ~*~*~tactically~*~*~ (hiding).
  7916 | D:8      | 7916 ||| Stepping ~*~*~tactically~*~*~ (hiding).
  7917 | D:8      | 7917 ||| Stepping ~*~*~tactically~*~*~ (hiding).
  7918 | D:8      | 7918 ||| Stepping ~*~*~tactically~*~*~ (hiding).
  7919 | D:8      | 7919 ||| Stepping ~*~*~tactically~*~*~ (hiding).
  7932 | D:8      | Killed an orange demon
  7950 | D:8      | Found a stormy altar of Qazlal.
  8089 | D:8      | 8089 ||| Stepping ~*~*~tactically~*~*~ (stealth).
  8093 | D:8      | 8093 ||| Stepping ~*~*~tactically~*~*~ (stealth).
  8105 | D:8      | 8105 ||| Stepping ~*~*~tactically~*~*~ (stealth).
  8178 | D:8      | Found a runed translucent door.
  8179 | D:8      | Found a shimmering altar of Xom.
  8179 | D:8      | Noticed a +1 whip of chaos
  8179 | D:8      | Noticed qw's ghost (novice GrFi)
  8269 | D:8      | Found Dizo's Neck Hole.
  8275 | D:8      | 8275 ||| SHOPLISTING +2 cloak (214 gold, have 153).
  8275 | D:8      | 8275 ||| SHOPLISTING amulet of reflection (390 gold, have
                  | 153).
  8275 | D:8      | 8275 ||| SHOPLISTING scarf of repulsion (156 gold, have
                  | 153).
  8325 | D:8      | Noticed Erica
  8336 | D:8      | 8336 ||| DRINKING 3 potions of curing.
  8336 | D:8      | 8336 ||| (to cure confusion)
  8341 | D:8      | Killed Erica
  8342 | D:8      | Reached skill level 6 in Shields
  8546 | D:8      | Found a shimmering blue altar of Sif Muna.
  8600 | D:8      | 8600 ||| READING scroll labelled VYNADE ARA.
  8601 | D:8      | 8601 ||| DRINKING 2 lumpy black potions.
  8602 | D:8      | 8602 ||| READING 2 scrolls of identify.
  8602 | D:8      | 8602 ||| IDENTIFYING grey potion
  8603 | D:8      | 8603 ||| Stepping ~*~*~tactically~*~*~ (hiding).
  8624 | D:8      | Killed Amaemon
  8625 | D:8      | Reached skill level 3 in Dodging
  8737 | D:8      | 8737 ||| DROPPING +0 flail of protection.
  8741 | D:8      | 8741 ||| DROPPING potion of degeneration.
  8765 | D:9      | 8765 ||| STAIRDANCE
  8928 | D:9      | 8928 ||| Stepping ~*~*~tactically~*~*~ (hiding).
  8930 | D:9      | 8930 ||| Stepping ~*~*~tactically~*~*~ (hiding).
  8932 | D:9      | 8932 ||| Stepping ~*~*~tactically~*~*~ (hiding).
  8985 | D:9      | 8985 ||| DRINKING 2 potions of curing.
  8985 | D:9      | 8985 ||| (to cure confusion)
  8989 | D:9      | 8989 ||| DRINKING potion of curing.
  8989 | D:9      | 8989 ||| (to cure confusion)
  9302 | D:9      | 9302 ||| DRINKING potion of curing.
  9302 | D:9      | 9302 ||| (to cure confusion)
  9332 | D:9      | Found Ogobrem's Armour Emporium.
  9357 | D:9      | Found a staircase to the Lair.
  9416 | D:9      | 9416 ||| Stepping ~*~*~tactically~*~*~ (stealth).
  9515 | D:9      | Noticed Prince Ribbit
  9520 | D:9      | Killed Prince Ribbit
  9775 | D:10     | Entered Level 10 of the Dungeon
  9776 | D:10     | 9776 ||| STAIRDANCE
  9853 | D:10     | Reached skill level 11 in Axes
  9908 | D:10     | Reached XP level 11. HP: 65/69 MP: 11/11
  9952 | D:10     | 9952 ||| Stepping ~*~*~tactically~*~*~ (hiding).
  9953 | D:10     | 9953 ||| Stepping ~*~*~tactically~*~*~ (hiding).
  9954 | D:10     | 9954 ||| Stepping ~*~*~tactically~*~*~ (hiding).
  9956 | D:10     | 9956 ||| Stepping ~*~*~tactically~*~*~ (hiding).
  9957 | D:10     | 9957 ||| Stepping ~*~*~tactically~*~*~ (hiding).
 10197 | D:10     | 10197 ||| Stepping ~*~*~tactically~*~*~ (hiding).
 10198 | D:10     | 10198 ||| Stepping ~*~*~tactically~*~*~ (hiding).
 10490 | D:10     | Noticed a two-headed ogre
 10497 | D:10     | Killed a two-headed ogre
 10498 | D:10     | Reached skill level 9 in Fighting
 10693 | D:10     | Found a portal to a secret trove of treasure.
 10694 | D:10     | 10694 ||| Stepping ~*~*~tactically~*~*~ (stealth).
 10845 | D:10     | Found a white marble altar of Elyvilon.
 10850 | D:10     | Found a hazy altar of Hepliaklqana.
 11422 | D:10     | 11422 ||| UPGRADING to +2 cloak.
 11432 | D:10     | 11432 ||| DROPPING +1 cloak.
 11433 | D:10     | 11433 ||| READING 3 scrolls of identify.
 11433 | D:10     | 11433 ||| IDENTIFYING sedimented red potion
 11434 | D:10     | 11434 ||| DROPPING potion of flight.
 11461 | D:11     | Noticed Lodul
 11480 | D:11     | HP: 6/71 [gargoyle/stone arrow (12)]
 11481 | D:11     | 11481 ||| DRINKING potion of heal wounds.
 11484 | D:11     | Killed Lodul
 11487 | D:11     | Reached skill level 12 in Axes
 11713 | D:11     | Found a staircase to the Orcish Mines.
 11722 | D:11     | HP: 14/71 [something (5)]
 11735 | D:11     | HP: 13/71 [troll zombie (2)]
 11742 | D:11     | HP: 5/71 [troll zombie (5)]
 11744 | D:11     | HP: 1/71 [troll zombie (4)]
 11744 | D:11     | Slain by a troll zombie

Levels and vault maps discovered:
D:1:      mrwooster_arrival_statue_2, layout_loops_ring
D:2:      minmay_chambers_of_ones, layout_loops_ring, serial_bayou_lagoon_b
D:3:      layout_basic, mainiacjoe_overflow_tiny_flanked,
          dreamdust_ecumenical_altar_drowned_temple
D:4:      cheibrodos_old_hovel, layout_rooms, lemuel_round_altar,
          minmay_temple_entry_glassed_door
D:5:      layout_basic, serial_shops, nicolae_take_the_stairs,
          lightli_corner_chamber, uniq_crazy_yiuf_cottage, uniq_grinder
D:6:      layout_loops_ring, serial_co_window_serial, co_window_corner_a,
          co_window_paths_a, co_window_corner_a, co_window_paths_b,
          co_window_paths_a, co_window_2corner, co_window_broadway_b,
          co_window_unsneaky_path_a, glass_columns_a, glass_columns_b,
          glass_columns_a, glass_columns_c
D:7:      layout_loops_ring, general_overflow_altar, grunt_decor_clamped,
          minmay_mini_ossuary, uniq_menkaure
D:8:      layout_cave_pools, nicolae_sif_muna_little_library,
          mainiacjoe_overflow_alcove_4, ebering_ghost_xom,
          nicolae_shop_sticking_my_neck_out, uniq_amaemon, uniq_erica
D:9:      layout_irregular_city, dpeg_oklobed_lair, serial_shops, shop,
          uniq_prince_ribbit1
D:10:     layout_grid_maze, mainiacjoe_overflow_big_doors, enter_trove_2
D:11:     layout_basic, zombieorc2_lemuel, uniq_harold, uniq_lodul

Skill      XL: |  1  2  3  4  5  6  7  8  9 10 11 |
---------------+----------------------------------+-----
Axes           | 2 3 5 6 7 8 10 11 12 | 12.0
Fighting       | 4 6 7 8 9 |  9.3
Throwing       | 1 |  1.0
Armour         | 4 6 7 8 |  8.5
Dodging        | 1 3 |  3.1
Shields        | 4 6 |  6.2

Action                   |  1- 3 |  4- 6 |  7- 9 | 10-12 || total
-------------------------+-------+-------+-------+-------++-------
Melee: War axe           |   141 |    93 |   274 |   300 ||   808
Throw: Boomerang         |       |     7 |     9 |       ||    16
  Use: Scroll            |     6 |     3 |    11 |     3 ||    23
       Potion            |       |     1 |     7 |     6 ||    14
Armor: Scale mail        |    70 |     8 |       |       ||    78
       Plate armour      |       |    59 |   217 |   327 ||   603
Dodge: Dodged            |    61 |    38 |   107 |   129 ||   335
Block: Buckler           |    24 |    13 |    54 |    91 ||   182

Table legend:
 A = Non-vault XP
 B = Vault XP
 C = Vault XP percentage of total XP
 D = Non-vault monster count
 E = Vault monster count
 F = Vault count percentage of total count
                 A         B        C        D         E       F
            +---------+---------+-------+---------+---------+-------
      Total |    9359 |    5079 |  35.2 |     201 |      48 |  19.3
            +---------+---------+-------+---------+---------+-------
        D:1 |      25 |       0 |   0.0 |      15 |       0 |   0.0
        D:2 |      38 |       9 |  19.1 |      19 |       5 |  20.8
        D:3 |      28 |       1 |   3.4 |      12 |       1 |   7.7
        D:4 |     547 |       2 |   0.4 |      23 |       1 |   4.2
        D:5 |     309 |     272 |  46.8 |      11 |       1 |   8.3
        D:6 |     639 |       0 |   0.0 |      22 |       0 |   0.0
        D:7 |    1358 |     190 |  12.3 |      30 |       6 |  16.7
        D:8 |    2060 |    2017 |  49.5 |      23 |       3 |  11.5
        D:9 |     958 |     241 |  20.1 |      25 |       1 |   3.8
       D:10 |    2907 |       0 |   0.0 |      16 |       0 |   0.0
       D:11 |     490 |    2347 |  82.7 |       5 |      30 |  85.7
            +---------+---------+-------+---------+---------+-------
